 Dungeon Crawl Stone Soup version 0.19.0-16-g73b5abf (webtiles) character file.

33 Delusion the Sneak (level 3, 0/25 HPs)
             Began as a Vampire Enchanter on Nov 10, 2016.
             Slain by a ball python (1 damage)
             ... on level 2 of the Dungeon.
             The game lasted 00:08:44 (1827 turns).

Delusion the Sneak (Vampire Enchanter)              Turns: 1827, Time: 00:08:45

Health: 0/25       AC:  3    Str:  8    XL:     3   Next: 12%
Magic:  6/6        EV: 10    Int: 17    God:
Gold:   62         SH:  0    Dex: 14    Spells: 2 memorised, 3 levels left

rFire  . . .     SeeInvis +     a - +1 dagger
rCold  + . .     Gourm    .     b - +1 robe
rNeg   + + .     Faith    .     (no shield)
rPois  +         Spirit   .     (no helmet)
rElec  .         Reflect  .     (no cloak)
rCorr  .         Harm     .     (no gloves)
MR     .....                    (no boots)
Stlth  ++++......               (no amulet)
                                (no ring)
                                (no ring)

@: regenerating slowly, constricted
A: fangs 3, see invisible, unbreathing
a: Bat Form


You were on level 2 of the Dungeon.
You were near bloodless.

You visited 1 branch of the dungeon, and saw 2 of its levels.

You collected 62 gold pieces.

Inventory:

Hand Weapons
 a - a +1 dagger (weapon)
Missiles
 f - 27 stones (quivered)
 i - 29 poisoned needles
Armour
 b - a +1 robe (worn)
 g - a +0 robe
Scrolls
 h - 4 scrolls of identify {unknown}
 k - a scroll of magic mapping {unknown}
 l - a scroll of blinking {unknown}
 m - a scroll of random uselessness {unknown}
Potions
 d - 8 potions of blood
 e - a potion of invisibility {unknown}
 j - 2 potions of magic {unknown}
Books
 c - a book of Maledictions

   Spells                             Type                      Level
   a - Corona                         Hexes                        1
   b - Ensorcelled Hibernation        Hexes/Ice                    2
   c - Confuse                        Hexes                        3
   d - Tukima's Dance                 Hexes                        3
   e - Dazzling Spray                 Conjuration/Hexes            3


   Skills:
 * Level 0.6 Fighting
 * Level 1.8 Short Blades
 * Level 2.7 Dodging
 * Level 4.7 Stealth
 * Level 0.7 Unarmed Combat
 - Level 2.0 Spellcasting
 + Level 4.6 Hexes


You had 3 spell levels left.
You knew the following spells:

 Your Spells              Type           Power        Failure   Level  Hunger
a - Corona                Hex            ###....      2%          1    #......
b - Ensorcelled Hibernat  Hex/Ice        #.....       14%         2    ###....


Dungeon Overview and Level Annotations

Branches:
Dungeon (2/15)

Altars:
Cheibriados


Innate Abilities, Weirdness & Mutations

You heal slowly.
You have razor-sharp teeth.
You have supernaturally acute eyesight. (SInv)
You can survive without breathing.


Message History

The ball python bites you but does no damage.
The ball python closely misses you.
The ball python bites you but does no damage.
The ball python grabs you. The ball python constricts you.
You escape the ball python's grasp.
The ball python bites you.
* * * LOW HITPOINT WARNING * * *
The ball python closely misses you. The ball python closely misses you.
The ball python misses you. The ball python closely misses you.
The ball python misses you. The ball python bites you.
* * * LOW HITPOINT WARNING * * *
The ball python barely misses you.
There is a stone staircase leading up here.
The ball python misses you. The ball python grabs you.
You stop ascending the stairs.
The ball python constricts you.
You escape the ball python's grasp.
The ball python bites you but does no damage.
The ball python grabs you.
You stop ascending the stairs.
You die...

########
#....S@#
#....g.#
######...r..#
#...........#
#......######
#......#
#......#
#.#.#
######.#
#.#.# #. #.#
#.#.# ...


You could see a gnoll, a ball python and a rat.

Vanquished Creatures
  An ooze (D:1)
  A dart slug (D:1)
  A leopard gecko (D:1)
  4 giant cockroaches
  2 goblins (D:1)
  5 hobgoblins (D:1)
  A kobold (D:1)
  A ball python (D:1)
  3 bats (D:1)
  A frilled lizard (D:2)
  4 rats (D:1)
24 creatures vanquished.

Notes
Turn   | Place    | Note
-------+----------+-------------------------------------------
     0 | D:1      | Delusion the Vampire Enchanter began the quest for the Orb.
     0 | D:1      | Reached XP level 1. HP: 13/13 MP: 3/3
   508 | D:1      | Reached XP level 2. HP: 14/19 MP: 3/5
  1108 | D:1      | Found a snail-covered altar of Cheibriados.
  1198 | D:1      | Learned a level 2 spell: Ensorcelled Hibernation
  1456 | D:1      | Reached XP level 3. HP: 18/25 MP: 2/6
  1814 | D:2      | HP: 1/25 [ball python (1)]
  1824 | D:2      | HP: 1/25 [ball python (1)]
  1827 | D:2      | Slain by a ball python

Action                   || total
-------------------------++-------
Melee: Dagger            ||   101
       Bite              ||     8
 Cast: Corona            ||    11
       Ensorcelled Hiber ||     1
 Stab: Sleeping          ||     4
Armor: Robe              ||    20
Dodge: Dodged            ||    93
